 Dungeon Crawl Stone Soup version 0.28.0-45-g0d030f2227 (webtiles) character file.

Game seed: 10105235791019029960

144 Icepheonix32 the Caller (level 5, 0/35 HPs)
             Began as a Merfolk Summoner on Apr 12, 2022.
             Slain by an orc wizard
             ... wielding a +0 dagger
              (1 damage)
             ... on level 3 of the Dungeon.
             The game lasted 00:05:27 (3540 turns).

Icepheonix32 the Caller (Merfolk Summoner)          Turns: 3540, Time: 00:05:28

Health: 0/35       AC:  3    Str:  7 (9)  XL:     5   Next: 27%
Magic:  0/8        EV: 13    Int: 14 (16) God:
Gold:   73         SH:  0    Dex: 13 (14) Spells: 2/8 levels left

rFire   . . .      SeeInvis .   g - +0 spear
rCold   . . .      Faith    .   (no shield)
rNeg    . . .      Spirit   .   a - +0 robe
rPois   .          Reflect  .   (no helmet)
rElec   .          Harm     .   (no cloak)
rCorr   .          Rampage  .   (no gloves)
Will    .....                   b - +0 pair of boots
Stlth   ++........              i - amulet of the acrobat
HPRegen 0.11/turn               (no ring)
MPRegen 0.11/turn               (no ring)

@: no status effects
A: (nimble swimmer 2), mertail
a: no special abilities


You were on level 3 of the Dungeon.
You visited 1 branch of the dungeon, and saw 3 of its levels.

You collected 73 gold pieces.

Inventory:

Hand Weapons
 d - a +0 club
 g - a +0 spear (weapon)
Armour
 a - a +0 robe (worn)
 b - a +0 pair of boots (worn)
Jewellery
 i - an amulet of the acrobat (around neck)
Scrolls
 f - 2 scrolls of teleportation
 h - a scroll of holy word {unknown}
 l - a scroll of fog {unknown}
 m - 2 scrolls of identify {unknown}


   Skills:
 + Level 2.9 Polearms
 + Level 3.3 Dodging
 - Level 2.1 Stealth
 - Level 2.0 Spellcasting
 + Level 5.7 Summonings


You had 2 spell levels left.
You knew the following spells:

 Your Spells              Type           Power      Damage    Failure   Level
a - Summon Small Mammal   Summ           68%        N/A       2%          1
b - Call Imp              Summ           17%        N/A       3%          2
c - Call Canine Familiar  Summ           17%        N/A       7%          3

Your spell library contained the following spells:

 Spells                   Type           Power      Damage    Failure   Level
 Sandblast                Erth           2%         2d4       24%         1
 Passwall                 Tmut/Erth      0%         N/A       34%         2
 Summon Guardian Golem    Hex/Summ       9%         N/A       22%         3
 Stone Arrow              Conj/Erth      2%         3d7       56%         3
 Summon Lightning Spire   Summ/Air       9%         N/A       58%         4


Dungeon Overview and Level Annotations

Branches:
Dungeon (3/15)

Altars:
Gozag

Annotations:
D:3 3 runed translucent doors, Icepheonix32's ghost, amateur DsFi


Innate Abilities, Weirdness & Mutations

((You are very nimble when in or above water. (Stealth+, EV+, Speed+++)))
Your lower body shifts to a powerful aquatic tail in water.


Message History

Reach: g) +0 spear
Press: ? - help, Dir - move target, f/p - orc wizard
Aim: an orc wizard, wielding a +0 dagger and wearing a +0 robe (moderately wounded, ally target, about 47% to evade your +0 spear)
You could not reach far enough!
The orc wizard hits your crimson imp with a +0 dagger.
The orc hits your crimson imp with a +0 club.
Reach: g) +0 spear
Press: ? - help, Dir - move target, f/p - orc wizard
Aim: an orc wizard, wielding a +0 dagger and wearing a +0 robe (moderately wounded, ally target, about 47% to evade your +0 spear)
You reach to attack!
You completely miss the orc wizard.
The orc wizard is moderately wounded.
Your crimson imp barely misses the orc wizard.
The orc wizard casts a spell.
The orc wizard flickers and vanishes!
Deactivating autopickup; reactivate with Ctrl-A.
The orc barely misses your crimson imp.
Your crimson imp blinks!
You feel a little less clever now.
A puff of flame appears from out of thin air!
The puff of flame misses you.
Found a stone staircase leading down.
An orc comes into view. It is wielding a +0 club.
Casting: Call Imp (safe; 3% risk of failure)
Confirm with . or Enter, or press ? or * to list all spells.
Something hits you but does no damage.
The orc hits your hound with a +0 club. x2
The orc hits your hound with a +0 club.
Your hound bites the orc.
You closely miss something.
Your hound bites the orc.
The orc misses your hound. Something hits you.
* * * LOW HITPOINT WARNING * * *
Your hound bites the orc.
Unknown command.
You barely miss something. The orc misses your hound. Something hits you.
* * * LOW HITPOINT WARNING * * *
Your hound bites the orc.
The orc dies!
Unknown command.
Casting: Call Canine Familiar (dangerous; 7% risk of failure)
Confirm with . or Enter, or press ? or * to list all spells.
Your hound bites the orc.
Something hits you.
You die...

#.....#####)......######
#...o.#.# #.......# ###
##.#.##.# #...##### #.#
# #.##.# #..S# #####.##
#.#.##.#####.###.....<.
#.....h)..............#
###.##o###.#.###......#
#.##.# #......# #.##@#
#......# #.##b# ##......
#.##.# #...... #>....
....... #. ### ..###..#
#... #... #...
..##.####..#


You could see an orc, a friendly hound (summoned) and a friendly bat (summoned).

Vanquished Creatures
  An adder (D:2)
  3 ball pythons (D:2)
  An endoplasm (D:3)
  A giant cockroach (D:1)
  4 goblins
  3 hobgoblins
  A jackal (D:1)
  A quokka (D:2)
  2 bats
  4 frilled lizards
  A kobold (D:1)
  5 rats
27 creatures vanquished.

Vanquished Creatures (collateral kills)
  An orc priest (D:3)
  An orc wizard (D:3)
  A gnoll (D:1)
  An adder (D:2)
  A worm (D:2)
  3 orcs (D:3)
  2 endoplasms
  2 goblins (D:1)
  6 hobgoblins
  2 jackals (D:1)
  2 kobolds (D:1)
  2 quokkas
  3 ball pythons
  A bat (D:1)
  3 frilled lizards (D:1)
31 creatures vanquished.

Grand Total: 58 creatures vanquished

Notes
Turn   | Place    | Note
-------+----------+-------------------------------------------
     0 | D:1      | Icepheonix32 the Merfolk Summoner began the quest for the
                  | Orb.
     0 | D:1      | Reached XP level 1. HP: 13/13 MP: 3/3
   613 | D:1      | Reached XP level 2. HP: 12/19 MP: 1/5
   616 | D:1      | Learned a level 2 spell: Call Imp
  1178 | D:1      | Found a faded altar of an unknown god.
  1351 | D:1      | Reached XP level 3. HP: 23/24 MP: 6/6
  1599 | D:1      | Reached skill level 5 in Summonings
  1892 | D:2      | Learned a level 3 spell: Call Canine Familiar
  2315 | D:2      | Reached XP level 4. HP: 18/30 MP: 4/7
  2790 | D:2      | Reached skill level 1 in Polearms
  3247 | D:3      | Found a runed translucent gate.
  3248 | D:3      | Found a runed translucent gate.
  3248 | D:3      | Found a runed translucent gate.
  3249 | D:3      | Found an opulent altar of Gozag.
  3262 | D:3      | Noticed Icepheonix32's ghost (amateur DsFi)
  3436 | D:3      | Reached XP level 5. HP: 7/35 MP: 1/8
  3484 | D:3      | HP: 1/35 [something/magic dart (4)]
  3539 | D:3      | HP: 1/35 [something (4)]
  3540 | D:3      | Slain by an orc wizard

Illustrated notes

Levels and vault maps discovered:
D:1:      dpeg_arrival_short_road, layout_basic, shapermc_ecumenical_altar_venn,
          minmay_liquid_box, hex_intersection
D:2:      layout_basic
D:3:      layout_basic, serial_shops, nicolae_square_shop, ebering_ghost_gozag

Skill      XL: |  1  2  3  4 |
---------------+-------------+-----
Summonings     | 5 |  5.7
Dodging        | 3 |  3.3
Polearms       | 2 |  2.9
Stealth        | |  2.1
Spellcasting   | |  2.0

Action                   |  1- 3 |  4- 6 || total
-------------------------+-------+-------++-------
Melee: Unarmed           |    18 |       ||    18
       Club              |    36 |       ||    36
       Spear             |    44 |    59 ||   103
 Cast: Summon Small Mamm |    16 |     3 ||    19
       Call Imp          |    15 |    11 ||    26
       Call Canine Famil |     1 |     5 ||     6
  Use: Scroll            |       |     2 ||     2
       Potion            |       |     4 ||     4
 Stab: Sleeping          |     4 |     4 ||     8
Armor: Robe              |    14 |     4 ||    18
Dodge: Dodged            |    70 |    33 ||   103
